 Dungeon Crawl Stone Soup version 0.30-a0-879-ga8ba668304 (webtiles) character file.

Game seed: 7012823456733728778

13282 retardedninja the Protected (level 11, -4/98 (100) HPs)
             Began as an Armataur Fighter on Mar 13, 2023.
             Was an Initiate of Gozag.
             Slain by a wraith (5 damage)
             ... led by Josephine
             ... on level 10 of the Dungeon.
             The game lasted 00:14:13 (9286 turns).

retardedninja the Protected (Armataur Fighter)      Turns: 9286, Time: 00:14:13

HP:   -4/98 (100)   AC: 33    Str: 32    XL:     11   Next: 73%
MP:   11/11         EV:  4    Int:  9    God:    Gozag
Gold: 1829          SH:  6    Dex: 15    Spells: 10/10 levels left

rFire   + . .      SeeInvis .    a - +1 war axe (protect)
rCold   + . .      Faith    .    c - +0 buckler
rNeg    . . .      Spirit   .    p - +3 plate armour {rPois}
rPois   +          Reflect  .    v - +2 helmet
rElec   +          Roll     +    r - +0 cloak
rCorr   +                        (no gloves)
Will    .....                    z - +0 barding Stlth
                                 h - amulet of regeneration
HPRegen 1.16/turn                q - +6 ring of dexterity
MPRegen 0.12/turn                g - +6 ring of strength

@: mighty, resistant, marked, gold aura, under a protective aura, hasted and
slowed, lightly drained
A: large, rugged brown scales 3, deformed body, armoured tail, roll, long
tongue, awkward tongue
a: Renounce Religion, Potion Petition, Call Merchant, Bribe Branch


You were on level 10 of the Dungeon.
You worshipped Gozag.
Gozag was most pleased with you.
You visited 2 branches of the dungeon, and saw 11 of its levels.

You collected 2938 gold pieces.
You spent 396 gold pieces at shops.
You paid 713 gold pieces to Gozag.

Inventory:

Hand Weapons
 a - a +1 war axe of protection (weapon)
Missiles
 u - 7 boomerangs (quivered)
 E - a throwing net
Armour
 c - a +0 buckler (worn)
 p - a +3 plate armour of poison resistance (worn)
 r - a +0 cloak (worn)
 v - a +2 helmet (worn)
 z - a +0 barding (worn)
Jewellery
 g - a +6 ring of strength (right hand)
 h - an amulet of regeneration (around neck)
 q - a +6 ring of dexterity (left hand)
Wands
 e - a wand of polymorph (5)
 t - a wand of paralysis (6)
 y - a wand of roots (1)
 D - a wand of flame (24)
Scrolls
 i - 3 scrolls of identify
 j - 2 scrolls of vulnerability {unknown}
 l - 2 scrolls of enchant armour {unknown}
 m - 5 scrolls of teleportation
 o - a scroll of poison
 s - a scroll of amnesia {unknown}
 w - a scroll of immolation {unknown}
 F - a scroll of magic mapping {unknown}
Potions
 k - 2 potions of lignification
 n - 3 potions of invisibility
 x - 2 potions of mutation {unknown}
 C - a potion of degeneration


   Skills:
 + Level 7.9 Fighting
 * Level 9.8 Axes
 + Level 5.4 Throwing
 + Level 10.5 Armour
 + Level 9.5 Shields


You had 10 spell levels left.
You didn't know any spells.
Your spell library contained the following spells:

 Spells                   Type           Power      Damage    Failure   Level
 Apportation              Tloc           0%         N/A       96%         1
 Kiss of Death            Conj/Necr      0%         2d5       96%         1
 Summon Small Mammal      Summ           0%         N/A       96%         1
 Poisonous Vapours        Pois/Air       0%         N/A       99%         2
 Static Discharge         Conj/Air       0%         2-2/arc   99%         2
 Sublimation of Blood     Necr           0%         N/A       99%         2
 Call Canine Familiar     Summ           0%         N/A       100%        3
 Confusing Touch          Hex            0%         N/A       100%        3
 Gell's Gravitas          Tloc           0%         N/A       100%        3
 Ignite Poison            Fire/Tmut/Pois 0%         N/A       100%        3
 Kindle Blastsparks       Fire/Tloc/Air  0%         2d10      100%        3
 Mephitic Cloud           Conj/Pois/Air  0%         N/A       100%        3
 Summon Guardian Golem    Hex/Summ       0%         N/A       100%        3
 Teleport Other           Tloc           0%         N/A       100%        3
 Vhi's Electric Charge    Tloc/Air       0%         N/A       100%        3
 Dispel Undead            Necr           0%         3d6       100%        4
 Fulminant Prism          Conj/Hex       0%         3d5       100%        4
 Iskenderun's Mystic Bla  Conj/Tloc      0%         2d3       100%        4
 Alistair's Intoxication  Tmut/Pois      0%         N/A       100%        5
 Arcjolt                  Conj/Air       0%         1d10      100%        5
 Freezing Cloud           Conj/Ice/Air   0%         6-21      100%        5
 Lee's Rapid Deconstruct  Erth           0%         3d4*      100%        5
 Lightning Bolt           Conj/Air       0%         1d11      100%        5
 Dispersal                Tloc           0%         N/A       100%        6
 Eringya's Noxious Bog    Tmut/Pois      0%         N/A       100%        6


Dungeon Overview and Level Annotations

Branches:
Dungeon (10/15)            Temple (1/1) D:4            Lair (0/5) D:8
    Orc (0/2) D:9

Altars:
Ashenzari
Cheibriados
Dithmenos
Elyvilon
Fedhas
Gozag
Hepliaklqana
Kikubaaqudgha
Makhleb
Nemelex Xobeh
Okawaru
Qazlal
Ru
Sif Muna
Trog
Uskayaw
Vehumet
Wu Jian
Xom
Yredelemnul
Zin
The Shining One

Shops:
D:5 =   D:7 (

Annotations:
D:4 1 runed translucent door
D:7 3 runed translucent doors, epsilonplus's ghost, novice HuHu; viagra's ghost, amateur AtFi


Innate Abilities, Weirdness & Mutations

You are completely covered in rugged brown scales. (AC +3, +7% HP)
Armour fits poorly on your strangely shaped body.
You have a long armoured tail.
You roll when moving toward enemies. (Rampage)
Your long tongue fully drains potion bottles. (2x potion effects)
Your tongue gives you trouble enunciating. (1.5x scroll delay)


Message History

The ghostly flame explodes!
The ghostly fireball engulfs you!
You feel drained.
* * * LOW HITPOINT WARNING * * *
The ghostly fireball engulfs Josephine.
Josephine completely resists.
The ghostly fireball engulfs the wraith.
The wraith completely resists.
The orc priest looks encouraged for a moment.
The wraith hits you but does no damage.
Unknown command. [a] - 675 gold - haste, resistance and heal wounds [b] - 210 gold - haste [c] - 625 gold - invisibility, might, lignification and resistance Purchase which effect?
You feel as though your hastened speed will last longer.
You feel protected.
You feel much better. Josephine hits you but does no damage.
An orc wizard comes into view. It is wielding a +0 dagger.
You block the wraith's attack.
You barely miss Josephine.
Josephine is almost dead.
You barely miss the wraith. Josephine hits you but does no damage.
The wraith hits you!
* * * LOW HITPOINT WARNING * * *
The wraith drains your vigour!
You feel as though you will be slow longer.
You slash Josephine!
You kill Josephine!
You hit the wraith but do no damage.
The wraith is distracted by your dazzling golden aura.
The wraith hits you but does no damage.
Unknown command.
You closely miss the wraith.
The wraith is severely damaged.
You slash the wraith!
The orc priest calls down the wrath of Beogh upon you.
Beogh smites you!
* * * LOW HITPOINT WARNING * * *
The orc wizard mumbles some strange words.
The orc wizard flickers and vanishes!
The wraith hits you.
You die...
Your body crumbles into a pile of gold.

## .# o ####.##
W## #.....# W{.
#.<...# #o#
#.....# #.#
#.....#
#W########.....###
#@#.#..........##.
#W#.'.####.....##.
#{o.### #.....#..
##### #.......#
#.....### ##.####
#..# ##.# ####'###


You could see 4 wraiths, 2 orc priests and an orc.

Vanquished Creatures
  Josephine (D:10)
  Erolcha (D:10)
  2 two-headed ogres
  Nergalle (D:10)
  Amaemon (D:9)
  Psyche (D:8)
  An orange demon (D:9)
  A gargoyle (D:7)
  3 kobold demonologists (D:10)
  2 trolls
  Grinder (D:5)
  2 hornets (D:9)
  A wraith (D:9)
  2 wyverns
  10 yaks
  A vampire (D:10)
  3 wargs (D:8)
  Edmund (D:5)
  A water moccasin (D:8)
  2 black bears
  3 orc warriors
  3 sky beasts
  2 ice beasts
  An ogre (D:4)
  3 centaurs
  2 phantoms
  3 kobold brigands
  2 bullfrogs
  5 scorpions
  A gnoll sergeant (D:7)
  10 wights (D:9)
  10 killer bees (D:8)
  4 howler monkeys
  2 hounds
  2 jellies
  13 orc priests
  2 gnoll boudas
  2 sleepcaps
  7 iguanas
  5 orc wizards
  11 adders
  22 gnolls
  3 white imps
  An ufetubus (D:5)
  2 worms
  2 dart slugs
  37 orcs
  8 bats
  3 endoplasms (D:2)
  6 giant cockroaches
  7 goblins
  11 hobgoblins
  5 jackals
  3 quokkas (D:1)
  8 ball pythons
  2 frilled lizards
  A jackal zombie (D:4)
  17 kobolds
  8 rats
277 creatures vanquished.

Vanquished Creatures (others)
  8 plants
  6 withered plants (D:7)
14 creatures vanquished.

Grand Total: 291 creatures vanquished

Notes
Turn   | Place    | Note
-------+----------+-------------------------------------------
     0 | D:1      | retardedninja the Armataur Fighter began the quest for the
                  | Orb.
     0 | D:1      | Reached XP level 1. HP: 19/19 MP: 1/1
   119 | D:1      | Found a faded altar of an unknown god.
   123 | D:1      | Reached XP level 2. HP: 25/26 MP: 2/2
   348 | D:1      | Reached skill level 4 in Armour
   352 | D:1      | Reached XP level 3. HP: 32/33 MP: 3/3
   654 | D:2      | Got the Encyclopedia of the Graveyard and the Black Widow
   715 | D:2      | Reached XP level 4. HP: 40/40 MP: 4/4
   967 | D:2      | Found an opulent altar of Gozag.
  1004 | D:1      | Reached XP level 5. HP: 23/48 MP: 5/5
  1280 | D:2      | Became a worshipper of Gozag Ym Sagoz the Greedy
  2823 | D:4      | Found a staircase to the Ecumenical Temple.
  2850 | Temple   | Entered the Ecumenical Temple
  3074 | D:4      | Reached skill level 5 in Armour
  3074 | D:4      | Reached XP level 6. HP: 54/55 MP: 6/6
  3319 | D:4      | Found a runed translucent door.
  3319 | D:4      | Noticed a human
  3440 | D:4      | Found a basalt altar of Yredelemnul.
  3612 | D:5      | Entered Level 5 of the Dungeon
  3617 | D:5      | Reached skill level 5 in Shields
  3623 | D:5      | Reached XP level 7. HP: 63/63 MP: 7/7
  3738 | D:5      | Found Omeym's Jewellery Emporium.
  3745 | D:5      | Found a sparkling altar of Nemelex Xobeh.
  3763 | D:5      | Bought a +6 ring of strength for 396 gold pieces
  3947 | D:5      | Noticed Edmund
  3956 | D:5      | Reached skill level 6 in Armour
  3957 | D:5      | Killed Edmund
  3966 | D:5      | Reached XP level 8. HP: 62/71 MP: 8/8
  3986 | D:5      | Reached skill level 5 in Axes
  4462 | D:5      | Noticed Grinder
  4476 | D:5      | Killed Grinder
  4477 | D:5      | Reached skill level 5 in Fighting
  4773 | D:6      | Reached skill level 7 in Armour
  4896 | D:6      | Identified a scroll of acquirement
  4896 | D:6      | Acquired 612 gold pieces
  4996 | D:6      | Found a shimmering blue altar of Sif Muna.
  5163 | D:6      | Reached XP level 9. HP: 79/79 MP: 9/9
  5644 | D:7      | Found a runed translucent gate.
  5644 | D:7      | Found a runed translucent gate.
  5645 | D:7      | Found a runed translucent gate.
  5646 | D:7      | Noticed epsilonplus's ghost (novice HuHu)
  5646 | D:7      | Noticed viagra's ghost (amateur AtFi)
  5772 | D:7      | Noticed a gargoyle
  5785 | D:7      | Killed a gargoyle
  5786 | D:7      | Reached skill level 1 in Throwing
  5858 | D:7      | Found Luism's Weapon Boutique.
  5902 | D:7      | Reached skill level 8 in Armour
  5945 | D:7      | Found a sacrificial altar of Ru.
  6590 | D:8      | Noticed Psyche
  6598 | D:8      | Killed Psyche
  6677 | D:8      | Reached XP level 10. HP: 89/89 MP: 10/10
  6849 | D:8      | Noticed a two-headed ogre
  6858 | D:8      | Killed a two-headed ogre
  6859 | D:8      | Reached skill level 9 in Armour
  7038 | D:8      | Found a staircase to the Lair.
  7789 | D:9      | Noticed a wolf spider
  8127 | D:9      | Noticed a two-headed ogre
  8137 | D:9      | Killed a two-headed ogre
  8166 | D:9      | Found a staircase to the Orcish Mines.
  8166 | D:9      | Noticed an orange demon
  8168 | D:9      | Noticed Amaemon
  8178 | D:9      | Killed an orange demon
  8179 | D:9      | Reached XP level 11. HP: 82/98 MP: 11/11
  8203 | D:9      | Killed Amaemon
  8492 | D:9      | Found a burning altar of Makhleb.
  8497 | D:9      | Reached skill level 10 in Armour
  8757 | D:10     | Entered Level 10 of the Dungeon
  8757 | D:10     | Noticed Nergalle
  8778 | D:10     | Killed Nergalle
  8800 | D:10     | Noticed Erolcha
  8810 | D:10     | Killed Erolcha
  8811 | D:10     | Reached skill level 5 in Throwing
  9076 | D:10     | Found a blossoming altar of Fedhas.
  9076 | D:10     | Found a glowing silver altar of Zin.
  9084 | D:10     | Found a faded altar of an unknown god.
  9086 | D:10     | Found an opulent altar of Gozag.
  9092 | D:10     | Found a shadowy altar of Dithmenos.
  9266 | D:10     | Noticed Josephine
  9282 | D:10     | HP: 2/90 [Josephine/ghostly fireball (10)]
  9285 | D:10     | Killed Josephine
  9286 | D:10     | Slain by a wraith

Illustrated notes

Levels and vault maps discovered:
D:1:      amcnicky_arrival_gap_in_the_tavern_cellar, layout_basic,
          chequers_ecumenical_altar_simple_redux, grunt_decor_fettered
D:2:      layout_rooms, serial_co_window_serial, co_window_paths_b,
          co_window_corner_a, co_window_paths_b, co_window_paths_a,
          co_window_of_opportunity_a, co_window_unsneaky_path_a,
          co_window_corner_b, co_window_cross_2, co_window_broadway_a,
          co_window_of_opportunity_b, co_window_2corner, co_window_sun,
          co_window_paths_e, glass_columns_b, glass_columns_a, glass_columns_b,
          glass_columns_a, glass_columns_c, basic_altar
D:3:      layout_basic
D:4:      minmay_octagon_keep, layout_basic, dk_yredelemnul_ordeal,
          minmay_temple_entry_glass
D:5:      layout_layer_cave, mainiacjoe_overflow_cross_hatched,
          minmay_shop_enchanted_jewellery, uniq_edmund, uniq_grinder
D:6:      layout_basic, led_sif_pool
D:7:      layout_cave_pools, nicolae_ru_sacrificial_ziggurat, serial_shops,
          nicolae_shop_statue_plus, gammafunk_ghost_cemetery
D:8:      layout_basic, erik_lair_orcish_takeover, uniq_psyche
D:9:      layout_stronghold, lemuel_round_altar, orc_0_dummy, wad_dig_loot,
          uniq_amaemon
D:10:     layout_roguey, chequers_temple_overflow_minitemple, uniq_nergalle,
          uniq_josephine, uniq_erolcha
Temple:   hellmonk_temple_forest_ring

Skill      XL: |  1  2  3  4  5  6  7  8  9 10 11 |
---------------+----------------------------------+-----
Fighting       | 3 4 5 6 7 |  7.9
Axes           | 2 3 4 6 7 8 9 |  9.8
Armour         | 4 5 6 7 8 9 10 | 10.5
Shields        | 4 5 6 7 8 9 |  9.5
Throwing       | 2 4 5 |  5.4

Action                     |  1- 3 |  4- 6 |  7- 9 | 10-12 || total
---------------------------+-------+-------+-------+-------++-------
  Melee: War axe           |   100 |   157 |   279 |   332 ||   868
         Tailslap          |    11 |    12 |    32 |    50 ||   105
         Unarmed           |       |       |    20 |       ||    20
  Throw: Boomerang         |       |     5 |    46 |       ||    51
 Invoke: Potion Petition   |       |       |       |     1 ||     1
  Evoke: Wand              |       |       |     2 |     5 ||     7
    Use: Potion            |       |     1 |     2 |     8 ||    11
         Scroll            |       |       |     9 |     7 ||    16
   Stab: Distracted        |       |     1 |     1 |     3 ||     5
 Armour: Scale mail        |    49 |    46 |       |       ||    95
         Chain mail        |       |    46 |       |       ||    46
         Plate armour      |       |    19 |   224 |   343 ||   586
         Skin              |       |       |     5 |       ||     5
  Dodge: Dodged            |    47 |    57 |    63 |    57 ||   224
  Block: Buckler           |    19 |    38 |    56 |    94 ||   207

Table legend: (Time is in decaauts)
 A = Elapsed time spent in this place.
 B = Non-inter-level travel time spent in this place.
 C = Inter-level travel time spent in this place.
 D = Time resting spent in this place.
 E = Time spent auto-exploring this place.
 F = Levels seen in this place.
 G = Mean time per level.
                   A        B        C        D        E       F      G
               +--------+--------+--------+--------+--------+-----+--------+
         Total |   9502 |   8881 |    621 |    810 |   5910 |  11 |  863.8 |
       Dungeon |   9345 |   8737 |    608 |    810 |   5780 |  10 |  934.5 |
        Temple |    156 |    143 |     13 |      0 |    130 |   1 |  156.0 |
               +--------+--------+--------+--------+--------+-----+--------+

Top non-repeatable levels by time:
     D:5: 1102 daAuts
     D:6: 1086 daAuts
     D:9: 1067 daAuts
     D:8: 1051 daAuts
     D:4: 1020 daAuts
     D:2: 1000 daAuts
     D:1: 915 daAuts
     D:7: 793 daAuts
     D:3: 769 daAuts
    D:10: 537 daAuts
  Temple: 156 daAuts
